 Dungeon Crawl Stone Soup version 0.24.0-1-gfbc8707 (webtiles) character file.

Game seed: 7049179845025722864, levelgen mode: deterministic

130 Exaltedone87 the Cudgeler (level 4, -2/45 HPs)
             Began as a Troll Fighter on Nov 5, 2019.
             Slain by a sky beast (6 damage)
             ... on level 3 of the Dungeon.
             The game lasted 00:03:30 (1724 turns).

Exaltedone87 the Cudgeler (Troll Fighter)           Turns: 1724, Time: 00:03:31

Health: -2/45      AC:  6    Str: 30    XL:     4   Next: 90%
Magic:  0/3        EV:  8    Int:  4    God:
Gold:   107        SH:  9    Dex:  9    Spells: 3/3 levels left

rFire    . . .     SeeInvis .   a - +0 flail
rCold    . . .     Gourm    +   c - +0 shield
rNeg     . . .     Faith    .   b - +0 robe
rPois    .         Spirit   +   (helmet restricted)
rElec    .         Reflect  .   (no cloak)
rCorr    .         Harm     .   (gloves unavailable)
MR       .....                  (boots unavailable)
Stlth    +.........             l - amulet of guardian spirit
HPRegen  0.55/turn              (no ring)
MPRegen  0.08/turn              (no ring)

@: mighty
A: large, unfitting armour, claws 3, fast metabolism 3, gourmand, regeneration
1, shaggy fur 1, tough skin 3
a: no special abilities


You were on level 3 of the Dungeon.
You were completely stuffed.

You visited 1 branch of the dungeon, and saw 3 of its levels.

You collected 107 gold pieces.

Inventory:

Hand Weapons
 a - a +0 flail (weapon)
Armour
 b - a +0 robe (worn)
 c - a +0 shield (worn)
Jewellery
 l - an amulet of guardian spirit (around neck)
Wands
 o - a wand of digging (3)
Scrolls
 h - 2 scrolls of amnesia
 i - 2 scrolls of identify
 j - a scroll of teleportation {unknown}
Potions
 d - a potion of might
 e - 2 potions of haste {unknown}
 g - a potion of resistance {unknown}
 k - a potion of berserk rage
 n - 2 potions of invisibility {unknown}
Comestibles
 f - 8 rations
 m - 5 chunks of flesh


   Skills:
 + Level 3.0 Fighting
 * Level 3.2 Maces & Flails
 + Level 3.0 Dodging
 + Level 3.0 Shields


You had 3 spell levels left.
You didn't know any spells.
Your spell library was empty.

Dungeon Overview and Level Annotations

Branches:
Dungeon (3/15)

Altars:
Ru
Trog


Innate Abilities, Weirdness & Mutations

You are too large for most types of armour.
You have claws for hands.
Your metabolism is lightning-fast.
You like to eat raw meat.
Your natural rate of healing is unusually fast.
You are covered in fur. (AC +1)
You have extremely tough skin. (AC +3)


Message History

You closely miss something. Something hits you but does no damage.
Something hits you. Something shocks you.
* * * LOW HITPOINT WARNING * * *
You miss something. You block something's attack.
You feel very mighty all of a sudden. Something hits you.
* * * LOW HITPOINT WARNING * * *
Something shocks you.
* * * LOW HITPOINT WARNING * * *
You closely miss something. Something hits you but does no damage.
You miss something.
Something hits you but does no damage. x2
You barely miss something.
A sky beast appears from thin air!
Reactivating autopickup.
The sky beast hits you but does no damage.
Your shield prevents you from hitting the sky beast.
The sky beast closely misses you.
You completely miss the sky beast. The sky beast hits you.
* * * LOW HITPOINT WARNING * * *
The sky beast shocks you.
You die...

....................#
...............#####
.....#........##
.#...#..#######
.....#..# .#...#..#
#### ##### .....#..#
##..#+##(..##
.#...#..#
#...Y##.....##
.....##.#
#...)@.......##+##
.....##.#
##..##...8...##..##
.#..###.#
##+##.......)....#
.#..# ##.....##.รท..#
..... ......#
##..(##'#..##
.#..###..##.#
+#####..####
.........##.#
##..##....#
###.###..##.#
#....')...#
....##......#
#....##..##


You could see a sky beast.

Vanquished Creatures
  An iguana (D:3)
  3 adders
  An ooze (D:1)
  2 worms (D:3)
  3 dart slugs
  A leopard gecko (D:1)
  3 orcs (D:3)
  2 ball pythons (D:3)
  2 giant cockroaches (D:2)
  10 goblins
  8 hobgoblins
  7 kobolds
  8 bats
  4 frilled lizards
  4 rats
59 creatures vanquished.

Notes
Turn   | Place    | Note
-------+----------+-------------------------------------------
     0 | D:1      | Exaltedone87 the Troll Fighter began the quest for the Orb.
     0 | D:1      | Reached XP level 1. HP: 22/22 MP: 0/0
    96 | D:1      | Reached XP level 2. HP: 29/29 MP: 1/1
   666 | D:2      | Reached XP level 3. HP: 34/36 MP: 2/2
   796 | D:2      | Found a bloodstained altar of Trog.
  1501 | D:3      | Reached XP level 4. HP: 42/44 MP: 3/3
  1606 | D:3      | Found a sacrificial altar of Ru.
  1704 | D:3      | Noticed a sky beast
  1724 | D:3      | Slain by a sky beast

Levels and vault maps discovered:
D:1:      dpeg_arrival_morbid_curiosity, layout_basic, nrook_mini_vaults
D:2:      layout_loops_ring, bloody_trog, first_ration
D:3:      minmay_bubble_buster, layout_basic, nicolae_ru_awakened_eye,
          minmay_pentangle

Skill      XL: |  1  2  3  4 |
---------------+-------------+-----
Maces & Flails | 2 3 |  3.2
Dodging        | 3 |  3.0
Fighting       | 3 |  3.0
Shields        | 3 |  3.0

Action                   |  1- 3 |  4- 6 || total
-------------------------+-------+-------++-------
Melee: Flail             |   144 |    52 ||   196
  Use: Scroll            |     6 |       ||     6
       Potion            |       |     1 ||     1
  Eat: Chunk             |    10 |     9 ||    19
       Ration            |     1 |       ||     1
Armor: Robe              |    62 |    25 ||    87
Dodge: Dodged            |    64 |    12 ||    76
Block: Shield            |    78 |    17 ||    95
